 Dungeon Crawl Stone Soup version 0.27.0-1-g7a089689b8 (webtiles) character file.

Game seed: 3658103315846503527

119 BOMJPIETVODKU the Digger (level 5, 0/37 HPs)
             Began as a Gnoll Earth Elementalist on Aug 2, 2021.
             Slain by Grinder (4 damage)
             ... on level 3 of the Dungeon.
             The game lasted 00:06:39 (2335 turns).

BOMJPIETVODKU the Digger (Gnoll Earth Elementalist) Turns: 2335, Time: 00:06:40

Health: 0/37       AC:  2    Str:  7    XL:     5   Next: 3%
Magic:  0/12       EV: 13    Int: 15    God:
Gold:   111        SH:  0    Dex: 13    Spells: 13/14 levels left

rFire    . . .     SeeInvis .   j - +0 dagger (venom)
rCold    . . .     Faith    .   (no shield)
rNeg     . . .     Spirit   .   b - +0 robe
rPois    .         Reflect  .   (no helmet)
rElec    .         Harm     .   (no cloak)
rCorr    .         Rampage  .   (no gloves)
Will     .....                  (no boots)
Stlth    +++.......             (no amulet)
HPRegen  0.12/turn              (no ring)
MPRegen  0.13/turn              (no ring)

@: no status effects
A: fangs 1, strong nose, distributed training
a: no special abilities


You were on level 3 of the Dungeon.
You visited 1 branch of the dungeon, and saw 3 of its levels.

You collected 111 gold pieces.

Inventory:

Hand Weapons
 a - a +0 short sword
 j - a +0 dagger of venom (weapon)
Missiles
 c - 26 stones
Armour
 b - a +0 robe (worn)
Scrolls
 g - 2 scrolls of noise {unknown}
 h - a scroll of identify {unknown}
 k - a scroll of teleportation {unknown}
 l - a scroll of amnesia {unknown}
Potions
 d - 2 potions of curing
 e - a potion of magic {unknown}
 f - 2 potions of berserk rage {unknown}
 i - a potion of invisibility {unknown}


   Skills:
 + Level 1.3 Fighting
 + Level 1.3 Short Blades
 + Level 1.3 Long Blades
 + Level 1.3 Axes
 + Level 1.3 Maces & Flails
 + Level 1.3 Polearms
 + Level 1.3 Staves
 + Level 1.3 Slings
 + Level 1.3 Bows
 + Level 1.3 Crossbows
 + Level 1.3 Throwing
 + Level 1.3 Armour
 + Level 4.7 Dodging
 + Level 4.3 Stealth
 + Level 1.3 Shields
 + Level 1.3 Unarmed Combat
 + Level 5.1 Spellcasting
 + Level 1.0 Conjurations
 + Level 1.0 Hexes
 + Level 1.0 Summonings
 + Level 1.0 Necromancy
 + Level 1.0 Translocations
 + Level 2.3 Transmutations
 + Level 1.0 Fire Magic
 + Level 1.0 Ice Magic
 + Level 1.0 Air Magic
 + Level 5.5 Earth Magic
 + Level 1.0 Poison Magic
 + Level 1.4 Invocations
 + Level 1.3 Evocations


You had 13 spell levels left.
You knew the following spells:

 Your Spells              Type           Power      Damage    Failure   Level
a - Sandblast             Erth           40%        2d10      1%          1

Your spell library contained the following spells:

 Spells                   Type           Power      Damage    Failure   Level
 Passwall                 Tmut/Erth      12%        N/A       4%          2
 Stone Arrow              Conj/Erth      26%        3d8       12%         3
 Petrify                  Tmut/Erth      15%        N/A       32%         4


Dungeon Overview and Level Annotations

Branches:
Dungeon (3/15)

Altars:
Hepliaklqana

Annotations:
D:3 Grinder


Innate Abilities, Weirdness & Mutations

You have very sharp teeth.
Your uncanny sense of smell can sniff out nearby items.
Your experience applies equally to all skills.


Message History

Grinder closely misses you.
You barely miss Grinder. You bite Grinder, but do no damage.
Grinder is moderately wounded.
Grinder closely misses you.
You hit Grinder.
Grinder is moderately wounded.
Grinder gestures at you. Pain shoots through your body!
You closely miss Grinder.
Grinder is moderately wounded.
Grinder blinks!
Items here: )) [[.
You start resting.
Grinder is nearby!
You are too injured to fight recklessly!
You are too injured to fight recklessly!
Grinder is nearby!
You are too injured to fight recklessly!
You are too injured to fight recklessly!
You are too injured to fight recklessly!
It was a potion of curing.
You feel better.
The blast of sand hits Grinder!
Grinder is heavily wounded.
Grinder hits you.
You writhe in agony.
The blast of sand misses Grinder.
Grinder barely misses you.
You are too depleted to draw on your mana recklessly!
You hit Grinder but do no damage. You bite Grinder, but do no damage.
Grinder is heavily wounded.
Grinder closely misses you.
You hit Grinder but do no damage.
Grinder is heavily wounded.
Grinder gestures at you. Pain shoots through your body!
* * * LOW HITPOINT WARNING * * *
You hit Grinder but do no damage.
Grinder is heavily wounded.
Grinder hits you.
* * * LOW HITPOINT WARNING * * *
You writhe in agony.
You die...

### ..### ########
....###......#
...........#.#
.#.......#...#
...#...#.....#####
.....#...........#
.....#...5...###5#
...#...#.....# #@#########
.#.......#...# #.))....≈..
....)......#.#######....).
....###.......... ≈≈≈..
..###.......##### .≈.#
.#.#≈.(...### ..#
...≈≈....## .# .##.≈....#
# ≈.....####


You could see Grinder.

Vanquished Creatures
  An orc priest (D:3)
  Jessica (D:3)
  A worm (D:2)
  A dart slug (D:1)
  5 orcs (D:3)
  2 endoplasms
  5 goblins (D:2)
  3 hobgoblins
  7 jackals (D:1)
  5 kobolds
  3 quokkas
  5 ball pythons
  6 bats
  3 frilled lizards (D:1)
  6 rats
54 creatures vanquished.

Notes
Turn   | Place    | Note
-------+----------+-------------------------------------------
     0 | D:1      | BOMJPIETVODKU the Gnoll Earth Elementalist began the quest
                  | for the Orb.
     0 | D:1      | Reached XP level 1. HP: 13/13 MP: 6/6
   134 | D:1      | Found a faded altar of an unknown god.
   174 | D:1      | Reached XP level 2. HP: 19/19 MP: 1/7
   667 | D:1      | Reached XP level 3. HP: 25/25 MP: 6/9
   954 | D:2      | Found a hazy altar of Hepliaklqana.
   957 | D:2      | Reached skill level 5 in Spellcasting
  1255 | D:2      | Reached skill level 1 in Invocations
  1783 | D:2      | Reached skill level 1 in Fighting
  1783 | D:2      | Reached skill level 1 in Short Blades
  1783 | D:2      | Reached skill level 1 in Long Blades
  1783 | D:2      | Reached skill level 1 in Axes
  1783 | D:2      | Reached skill level 1 in Maces & Flails
  1783 | D:2      | Reached skill level 1 in Polearms
  1783 | D:2      | Reached skill level 1 in Staves
  1783 | D:2      | Reached skill level 1 in Slings
  1783 | D:2      | Reached skill level 1 in Bows
  1783 | D:2      | Reached skill level 1 in Crossbows
  1783 | D:2      | Reached skill level 1 in Throwing
  1783 | D:2      | Reached skill level 1 in Armour
  1783 | D:2      | Reached skill level 1 in Shields
  1783 | D:2      | Reached skill level 1 in Unarmed Combat
  1783 | D:2      | Reached skill level 1 in Evocations
  2046 | D:3      | Noticed Jessica
  2049 | D:3      | Killed Jessica
  2050 | D:3      | Reached XP level 4. HP: 32/32 MP: 7/11
  2295 | D:3      | Noticed Grinder
  2312 | D:3      | Reached skill level 1 in Conjurations
  2312 | D:3      | Reached skill level 1 in Hexes
  2312 | D:3      | Reached skill level 1 in Summonings
  2312 | D:3      | Reached skill level 1 in Necromancy
  2312 | D:3      | Reached skill level 1 in Translocations
  2312 | D:3      | Reached skill level 1 in Fire Magic
  2312 | D:3      | Reached skill level 1 in Ice Magic
  2312 | D:3      | Reached skill level 1 in Air Magic
  2312 | D:3      | Reached skill level 1 in Poison Magic
  2315 | D:3      | Reached XP level 5. HP: 22/37 MP: 1/12
  2335 | D:3      | Slain by Grinder

Illustrated notes

Levels and vault maps discovered:
D:1:      dpeg_arrival_leaves_temple_mockup, layout_basic,
          hellmonk_ecumenical_altar_inner_sanctum
D:2:      layout_loops_corners, basic_altar, minmay_tromino_i2
D:3:      layout_basic, minitemple, serial_rivers,
          chequers_serial_rivers_room_b, chequers_serial_rivers_micro_d,
          chequers_serial_rivers_micro_c, chequers_serial_rivers_room_a,
          chequers_serial_rivers_micro_b, chequers_serial_rivers_small_b,
          minmay_misc_feat_more_columns, uniq_grinder, uniq_jessica

Skill      XL: |  1  2  3  4 |
---------------+-------------+-----
Transmutations | 2 |  2.3
Spellcasting   | 5 |  5.1
Invocations    | 1 |  1.4
Fighting       | 1 |  1.3
Short Blades   | 1 |  1.3
Long Blades    | 1 |  1.3
Axes           | 1 |  1.3
Maces & Flails | 1 |  1.3
Polearms       | 1 |  1.3
Staves         | 1 |  1.3
Slings         | 1 |  1.3
Bows           | 1 |  1.3
Crossbows      | 1 |  1.3
Throwing       | 1 |  1.3
Armour         | 1 |  1.3
Shields        | 1 |  1.3
Unarmed Combat | 1 |  1.3
Evocations     | 1 |  1.3
Conjurations   | 1 |  1.0
Hexes          | 1 |  1.0
Summonings     | 1 |  1.0
Necromancy     | 1 |  1.0
Translocations | 1 |  1.0
Fire Magic     | 1 |  1.0
Ice Magic      | 1 |  1.0
Air Magic      | 1 |  1.0
Poison Magic   | 1 |  1.0
Dodging        | |  4.7
Stealth        | |  4.3
Earth Magic    | |  5.5

Action                   |  1- 3 |  4- 6 || total
-------------------------+-------+-------++-------
Melee: Unarmed           |     1 |       ||     1
       Short sword       |     5 |       ||     5
       Dagger            |       |     9 ||     9
       Bite              |       |     3 ||     3
 Cast: Sandblast         |    63 |    18 ||    81
  Use: Potion            |       |     1 ||     1
 Stab: Sleeping          |     2 |       ||     2
Armor: Robe              |     4 |     1 ||     5
Dodge: Dodged            |    16 |     6 ||    22
